 Dungeon Crawl Stone Soup version 0.19.1 (webtiles) character file.

282760 Patate the Bludgeoner (level 20, 0/140 HPs)
             Began as a Gargoyle Fighter on Dec 10, 2016.
             Was the Champion of Okawaru.
             Killed from afar by a wizard (15 damage)
             ... with a crystal spear
             ... on level 3 of the Vaults on Dec 13, 2016.
             The game lasted 03:06:06 (52154 turns).

Patate the Bludgeoner (Gargoyle Fighter)           Turns: 52154, Time: 03:06:07

Health: 0/140      AC: 51    Str: 28    XL:     20   Next: 94%
Magic:  25/26      EV: 14    Int: 10    God:    Okawaru [******]
Gold:   2061       SH:  4    Dex:  9    Spells: 0 memorised, 19 levels left

rFire  . . .     SeeInvis +     u - +4 dire flail of Terra Cotta {crush, rC++}
rCold  + + +     Gourm    .     t - +3 plate armour {rC+}
rNeg   + + +     Faith    .     (shield currently unavailable)
rPois  ∞         Spirit   .     y - +1 hat {SInv}
rElec  +         Reflect  +     O - +2 cloak {MR+}
rCorr  +         Harm     .     v - +2 pair of gloves {archery}
MR     +++..                    D - +2 pair of boots of Zetob {*Drain rElec rN+ rCorr}
Stlth  ..........               G - +4 amulet of reflection
                                p - ring of protection from magic
                                K - ring of positive energy

@: heroism, flying, very slightly contaminated, hasted, very quick
A: big wings, negative energy resistance 1, electricity resistance, unbreathing,
petrification resistance, rot immunity, AC +15
a: Stop Flying, Heroism, Finesse, Renounce Religion
}: 1/15 runes: serpentine


You were on level 3 of the Vaults.
You worshipped Okawaru.
Okawaru was exalted by your worship.
You were very hungry.

You visited 7 branches of the dungeon, and saw 33 of its levels.

You collected 2471 gold pieces.
You spent 410 gold pieces at shops.

Inventory:

Hand Weapons
 l - the +8 great mace "Dobisal" {venom, rElec}
   (You took it off an orc on level 10 of the Dungeon)

   It poisons the flesh of those it strikes.
   It insulates you from electricity.
 u - the +4 dire flail of Terra Cotta (weapon) {crush, rC++}
   (Okawaru gifted it to you on level 14 of the Dungeon)

   It inflicts extra damage upon your enemies.
   It greatly protects you from cold.
Armour
 q - the +2 shield of Resistance {rF+ rC+ MR+}
   (Okawaru gifted it to you on level 2 of the Orcish Mines)

   It protects you from fire.
   It protects you from cold.
   It affects your resistance to hostile enchantments.
 t - a +3 plate armour of cold resistance (worn)
 v - a +2 pair of gloves of archery (worn)
 y - a +1 hat of see invisible (worn)
 D - the +2 pair of boots of Zetob (worn) {*Drain rElec rN+ rCorr}
   (Okawaru gifted it to you on level 2 of the Snake Pit)

   It insulates you from electricity.
   It protects you from negative energy.
   It protects you from acid and corrosion.
   It causes draining when unequipped.
 O - a +2 cloak of magic resistance (worn)
Jewellery
 c - an uncursed ring of resist corrosion
 p - a ring of protection from magic (right hand)
 G - a +4 amulet of reflection (around neck)
 K - a ring of positive energy (left hand)
Wands
 a - a wand of polymorph (10/24)
Scrolls
 g - 16 scrolls of remove curse
 i - 5 scrolls of magic mapping
 o - 3 scrolls of fear
 r - 4 scrolls of enchant weapon
 x - 4 scrolls of enchant armour
 A - 3 scrolls of fog
 E - 10 scrolls of identify
 F - a scroll of recharging
 P - a scroll of brand weapon
Potions
 b - 3 potions of berserk rage
 e - 3 potions of haste
 h - a potion of cancellation
 j - 2 potions of resistance
 m - 9 potions of curing
 s - 4 potions of magic
 w - 5 potions of might
 z - a potion of cure mutation
 B - 4 potions of agility
 H - 5 potions of brilliance
Comestibles
 d - 10 beef jerkies
 f - 27 bread rations
 k - 18 meat rations
 n - 7 fruits
 I - a slice of pizza


   Skills:
 - Level 19.6(24.6) Fighting
 - Level 20.0(25.0) Maces & Flails
 * Level 11.9(16.9) Throwing
 - Level 17.1(22.1) Armour
 - Level 9.1(14.1) Dodging
 - Level 4.5(9.5) Shields
 - Level 9.0 Invocations


You had 19 spell levels left.
You didn't know any spells.

Dungeon Overview and Level Annotations

Branches:
Dungeon (15/15)            Temple (1/1) D:7            Lair (6/6) D:9
 Shoals (2/4) Lair:3        Snake (4/4) Lair:4        Slime (0/5) Lair:6
    Orc (2/2) D:11            Elf (0/3) Orc:2        Vaults (3/5) D:13
  Crypt (0/3) Vaults:2     Depths (0/5) D:15

Altars:
Ashenzari
Cheibriados
Dithmenos
Elyvilon
Fedhas
Gozag
Hepliaklqana
Kikubaaqudgha
Makhleb
Nemelex Xobeh
Okawaru
Qazlal
Ru
Sif Muna
Trog
Uskayaw
Vehumet
Xom
Yredelemnul
Zin
The Shining One
Beogh

Shops:
D:13 [   Orc:2 [(*=*   Snake:1 [

Annotations:
Lair:6 exclusion: oklob plant


Innate Abilities, Weirdness & Mutations

You are resistant to torment.
Your stone body is resilient. (AC +15)
You are immune to poison.
Your large and strong wings let you fly indefinitely.
You resist negative energy. (rN+)
You are resistant to electric shocks. (rElec)
You can survive without breathing.
You are immune to petrification.
You are immune to rotting.


Message History

You barely miss the ogre. The ogre barely misses you.
The rakshasa hits you from afar with a trident.
* * * LOW HITPOINT WARNING * * *
You sock the ogre!
The ogre is lightly wounded.
The rakshasa hits you from afar with a trident.
* * * LOW HITPOINT WARNING * * *
The ogre closely misses you.
Okay, then.
Blink to where?
Press: ? - help, Dir - move target cursor
As you read the scroll of blinking, it crumbles to dust.
A wizard comes into view. It is wielding a dagger.
The ice dragon breathes frost at you. The blast of cold hits you! You resist.
* * * LOW HITPOINT WARNING * * *
You feel yourself speed up.
The wizard gestures at you while chanting.
The crystal spear hits you!
You die...

#..[..O.# ##...§..#
#....##.# ####
########.O..OR.## #...
#........R.D....# #...
#.#.............# #..#
#....#..........# ####
#.......#.......# ##
#.......@.......# ##.
##....p..######## #..
#..#....# #.. #[...)###
### #....))(# #'####'##
### ## ######
#..D##..###..###..#.....
#D#.##..[)........#.....
##
#.))###...####...##.....


You could see an ice dragon, 2 rakshasas, a wizard and 2 ogres.

Vanquished Creatures
  Bai Suzhen (Vaults:3)
  Frederick (Vaults:2)
  Saint Roka (Orc:2)
  Xtahua (Vaults:3)
  A lich (Vaults:1)
  A kraken (Shoals:1)
  A shadow dragon (Vaults:3)
  A storm dragon (Vaults:3)
  A tengu reaver (Vaults:1)
  A fire giant (D:15)
  The ghost of Kloppie the Fencer, an adept DsBe of Trog (Orc:2)
  3 deep elf sorcerers
  9 nagarajas
  7 ironheart preservers
  6 vault wardens
  An entropy weaver (Vaults:3)
  2 stone giants (Vaults:3)
  The ghost of dricus the Severer, a journeyman HOBe of Trog (Lair:4)
  4 deep elf demonologists
  2 deep elf death magi
  3 merfolk impalers
  A small abomination (Vaults:3)
  Josephine (Orc:1)
  5 yaktaur captains
  The ghost of bosm the Carver, a journeyman DsGl of Hepliaklqana (Lair:4)
  A fire dragon (Vaults:1)
  4 great orbs of eyes
  19 naga warriors
  2 vault guards (Vaults:2)
  13 hydras
  A rakshasa (Vaults:2)
  11 centaur warriors
  Erica (D:8)
  6 ogre magi (Vaults:1)
  10 anacondas
  2 merfolk avatars
  A merfolk aquamancer (Shoals:2)
  2 dancing weapons (D:13)
  A catoblepas (Lair:6)
  A deep troll shaman (Lair:6)
  9 death yaks
  A deep troll earth mage (Vaults:1)
  4 tengu warriors (D:14)
  15 naga sharpshooters
  12 shock serpents
  An orc high priest (Orc:2)
  4 deep elf knights
  Sonja (D:14)
  A fire crab (Lair:6)
  A shadow wraith (Vaults:3)
  An entropy weaver zombie (Vaults:3)
  3 salamander mystics
  4 skeletal warriors (D:14)
  A wizard (Vaults:1)
  A glowing orange brain (Vaults:2)
  A flayed ghost (Vaults:3)
  4 sea snakes
  An unseen horror (Vaults:1)
  A tengu zombie (Vaults:3)
  4 deep trolls
  12 naga ritualists
  7 ironbrand convokers
  8 hill giants
  2 deep elf archers
  A wolf spider zombie (D:14)
  17 harpies
  6 orc sorcerers (Orc:2)
  9 orc knights
  16 mana vipers
  3 necromancers
  11 deep elf magi
  7 manticores
  14 cyclopes
  4 wolf spiders
  37 ugly things
  A faun (Shoals:1)
  A sphinx skeleton (Vaults:1)
  13 salamanders
  5 sirens
  12 elephants (Lair:6)
  47 black mambas
  3 water nymphs
  2 human skeletons (Vaults:3)
  A stone giant skeleton (Vaults:3)
  3 guardian serpents
  2 vault sentinels (Vaults:3)
  30 naga magi
  10 spiny frogs
  2 gargoyles
  A human zombie (Vaults:3)
  5 komodo dragons
  8 freezing wraiths
  24 yaktaurs
  2 efreet
  3 harpy zombies (Shoals:2)
  A yaktaur skeleton (Vaults:1)
  A jumping spider (Vaults:2)
  3 tengu conjurers
  7 trolls
  8 merfolk
  4 wind drakes
  2 merfolk (shapeshifter) (Vaults:1)
  A tengu simulacrum (Vaults:1)
  11 two-headed ogres
  10 hippogriffs
  A blink frog (shapeshifter) (Vaults:1)
  11 slime creatures
  2 hornets (D:13)
  22 dream sheep
  A harpy skeleton (D:15)
  21 blink frogs
  2 snapping turtles (Shoals:1)
  5 wraiths
  A fire elemental (Orc:2)
  60 yaks
  8 water elementals
  3 basilisks
  4 wyverns
  5 vampire mosquitoes (D:12)
  2 hungry ghosts
  2 mottled dragons (D:14)
  6 wargs
  43 nagas
  2 hell hounds (Lair:1)
  10 water moccasins
  31 orc warriors
  7 porcupines
  3 sky beasts
  3 black bears
  5 ice beasts
  3 phantoms
  An ettin simulacrum (Vaults:3)
  22 wolves
  An orc zombie (Vaults:1)
  35 ogres
  6 boggarts
  31 centaurs
  13 crocodiles
  A big kobold (D:14)
  A yaktaur zombie (Vaults:1)
  Blork the orc (Orc:2)
  17 bullfrogs
  2 wyvern zombies
  5 scorpions
  A human simulacrum (Vaults:1)
  25 killer bees
  An elf simulacrum (Vaults:3)
  9 wights
  7 howler monkeys
  An electric eel (D:13)
  8 crimson imps
  5 bullfrog zombies
  3 quasits
  4 centaur zombies
  6 hounds
  3 jellies
  29 orc wizards
  17 orc priests
  8 centaur skeletons
  A bullfrog skeleton (D:11)
  3 iguanas
  7 worker ants
  A killer bee zombie (D:10)
  3 hound skeletons
  14 adders
  A river rat (D:9)
  A shadow imp (D:7)
  4 oozes
  2 adder skeletons
  2 worms (D:4)
  3 dart slugs
  5 leopard geckos
  83 orcs
  7 giant cockroaches
  8 goblins
  5 hobgoblins
  6 jackals
  3 kobolds
  4 quokkas
  10 bats
  3 frilled lizards
  5 rats
  2 plants
1288 creatures vanquished.

Vanquished Creatures (collateral kills)
  A mana viper (Snake:2)
  A naga mage (Snake:2)
2 creatures vanquished.

Vanquished Creatures (others)
  An ironheart preserver (Vaults:1)
  A wolf spider (Vaults:1)
  A centaur (Vaults:1)
  26 fungi
  10 plants
  4 tentacles (Shoals:1)
43 creatures vanquished.

Grand Total: 1333 creatures vanquished

Notes
Turn   | Place    | Note
-------+----------+-------------------------------------------
     0 | D:1      | Patate the Gargoyle Fighter began the quest for the Orb.
     0 | D:1      | Reached XP level 1. HP: 14/14 MP: 1/1
   449 | D:1      | Reached XP level 2. HP: 19/19 MP: 2/2
  1038 | D:2      | Reached XP level 3. HP: 10/23 MP: 3/3
  1433 | D:2      | Reached skill level 3 in Maces & Flails
  1815 | D:3      | Found an iron altar of Okawaru.
  1894 | D:3      | Found an ancient bone altar of Kikubaaqudgha.
  1898 | D:3      | Found a shimmering altar of Xom.
  2148 | D:3      | Reached XP level 4. HP: 28/29 MP: 4/4
  2201 | D:3      | Became a worshipper of Warmaster Okawaru
  2355 | D:3      | Found a radiant altar of Vehumet.
  2609 | D:3      | Reached XP level 5. HP: 17/33 MP: 5/5
  2852 | D:4      | Reached skill level 4 in Maces & Flails
  3115 | D:4      | Found a stormy altar of Qazlal.
  3126 | D:4      | Found a snail-covered altar of Cheibriados.
  3181 | D:4      | Reached * piety under Okawaru
  3181 | D:4      | Reached XP level 6. HP: 34/39 MP: 6/6
  3576 | D:5      | Entered Level 5 of the Dungeon
  3619 | D:5      | HP: 1/39 [orc priest/divine providence (16)]
  3636 | D:4      | Reached skill level 5 in Maces & Flails
  3927 | D:4      | Reached skill level 5 in Armour
  3930 | D:4      | Reached skill level 5 in Fighting
  3934 | D:4      | Reached XP level 7. HP: 35/44 MP: 7/7
  4369 | D:5      | Reached ** piety under Okawaru
  4480 | D:5      | Found a white marble altar of Elyvilon.
  4490 | D:5      | Reached skill level 6 in Maces & Flails
  4560 | D:5      | Found a burning altar of Makhleb.
  4560 | D:5      | Noticed a balrug
  4622 | D:5      | Found a shattered altar of Ashenzari.
  4662 | D:5      | Reached XP level 8. HP: 47/51 MP: 8/8
  5161 | D:6      | Reached *** piety under Okawaru
  5161 | D:6      | Reached skill level 7 in Maces & Flails
  5213 | D:6      | Found a hide-covered altar of Uskayaw.
  6020 | D:7      | Found a blossoming altar of Fedhas.
  6075 | D:7      | Reached skill level 8 in Maces & Flails
  6193 | D:7      | Reached XP level 9. HP: 45/56 MP: 9/9
  6675 | D:7      | Reached **** piety under Okawaru
  6891 | D:7      | Found a staircase to the Ecumenical Temple.
  7099 | Temple   | Entered the Ecumenical Temple
  7281 | D:8      | Noticed Erica
  7503 | D:8      | Noticed a two-headed ogre
  7511 | D:8      | Killed a two-headed ogre
  7511 | D:8      | Reached skill level 9 in Maces & Flails
  7960 | D:8      | Reached skill level 1 in Invocations
  8186 | D:8      | Reached XP level 10. HP: 52/65 MP: 10/12
  8192 | D:8      | Reached ***** piety under Okawaru
  8252 | D:9      | Found a staircase to the Lair.
  8504 | D:9      | Reached skill level 5 in Invocations
  8531 | D:9      | Noticed a green ugly thing
  8563 | D:8      | Killed Erica
  8563 | D:8      | Received a gift from Okawaru
  8657 | D:9      | Reached skill level 10 in Fighting
  8687 | D:9      | Killed a green ugly thing
  8687 | D:9      | Received a gift from Okawaru
  8692 | D:9      | Got a smoking double sword {god gift}
  8693 | D:9      | Identified the +3 double sword "Giant's Undoing" {freeze, Fragile rPois rF+ MR+} (Okawaru gifted it to you on level 9 of the Dungeon)
  9507 | D:10     | Entered Level 10 of the Dungeon
  9689 | D:10     | Reached XP level 11. HP: 69/73 MP: 17/17
 10337 | D:10     | Noticed a wolf spider
 10341 | D:10     | Noticed a cyclops
 10345 | D:10     | Killed a wolf spider
 10357 | D:10     | Killed a cyclops
 10635 | D:10     | Got a bloodstained great mace {venom}
 10641 | D:10     | Identified the +8 great mace "Dobisal" {venom, rElec} (You took it off an orc on level 10 of the Dungeon)
 10645 | D:10     | Found a burning altar of Makhleb.
 11364 | D:10     | Received a gift from Okawaru
 11580 | D:11     | Found a staircase to the Orcish Mines.
 11848 | D:11     | Noticed a red ugly thing
 11858 | D:11     | Killed a red ugly thing
 11920 | D:11     | Reached skill level 10 in Maces & Flails
 12658 | D:12     | Reached XP level 12. HP: 81/81 MP: 18/18
 12813 | D:12     | Got a faintly glowing cloak
 12824 | D:12     | Identified the cursed +0 cloak "Faalijeu" {Stlth+} (You found it on level 12 of the Dungeon)
 12918 | D:12     | Reached skill level 10 in Armour
 13631 | D:12     | Received a gift from Okawaru
 13713 | D:12     | Reached skill level 11 in Maces & Flails
 13947 | Lair:1   | Entered Level 1 of the Lair of Beasts
 13989 | Lair:1   | Noticed a seven-headed hydra
 14012 | Lair:1   | Killed a seven-headed hydra
 14023 | Lair:1   | Reached ****** piety under Okawaru
 14023 | Lair:1   | Received a gift from Okawaru
 14615 | Lair:1   | Noticed a four-headed hydra
 14625 | Lair:1   | Killed a four-headed hydra
 15220 | Lair:2   | Reached XP level 13. HP: 88/88 MP: 19/19
 15251 | Lair:2   | Received a gift from Okawaru
 15364 | Lair:2   | Reached skill level 12 in Maces & Flails
 15773 | Lair:2   | Received a gift from Okawaru
 16680 | Lair:3   | Found a staircase to the Shoals.
 17399 | Lair:4   | Noticed bosm's ghost (journeyman DsGl)
 17492 | Lair:4   | Killed bosm's ghost
 17556 | Lair:4   | Reached skill level 13 in Maces & Flails
 17609 | Lair:4   | Noticed dricus's ghost (journeyman HOBe)
 17620 | Lair:4   | Killed dricus's ghost
 17860 | Lair:4   | Received a gift from Okawaru
 18400 | Lair:4   | Found a staircase to the Snake Pit.
 19321 | Lair:5   | Gained mutation: Your large and strong wings let you fly indefinitely. [Gargoyle growth]
 19321 | Lair:5   | Reached XP level 14. HP: 96/96 MP: 20/20
 19880 | Lair:6   | Entered Level 6 of the Lair of Beasts
 20088 | Lair:6   | Reached skill level 14 in Maces & Flails
 20715 | Lair:6   | Received a gift from Okawaru
 22209 | Lair:6   | Reached skill level 15 in Maces & Flails
 22321 | Lair:6   | Found a staircase to the Slime Pits.
 22430 | Lair:6   | Reached skill level 15 in Fighting
 22621 | Lair:6   | Received a gift from Okawaru
 22627 | Lair:6   | Reached XP level 15. HP: 80/103 MP: 18/21
 23689 | Orc:1    | Entered Level 1 of the Orcish Mines
 24014 | Orc:1    | Noticed Josephine
 24024 | Orc:1    | Killed Josephine
 24379 | Orc:2    | Entered Level 2 of the Orcish Mines
 24381 | Orc:2    | Noticed Kloppie's ghost (adept DsBe)
 25403 | Orc:2    | Killed Kloppie's ghost
 25403 | Orc:2    | Received a gift from Okawaru
 25905 | Orc:2    | Reached skill level 16 in Maces & Flails
 25978 | Orc:2    | Noticed Saint Roka
 26011 | Orc:2    | Killed Saint Roka
 26397 | Orc:2    | Noticed Blork the orc
 26421 | Orc:2    | Killed Blork the orc
 26551 | Orc:2    | Found a roughly hewn altar of Beogh.
 26888 | Orc:2    | Found Betzot's Antique Weapon Emporium.
 26913 | Orc:2    | Found Ycvennomn's Jewellery Emporium.
 26920 | Orc:2    | Bought an uncursed ring of resist corrosion for 320 gold pieces
 26929 | Orc:2    | Found Ablom Eto's General Store.
 26936 | Orc:2    | Bought a scroll of teleportation for 45 gold pieces
 26944 | Orc:2    | Found Patumpaf's Antique Armour Emporium.
 27069 | Orc:2    | Found Catal's General Store.
 27072 | Orc:2    | Bought a scroll of teleportation for 45 gold pieces
 27109 | Orc:2    | Found a staircase to the Elven Halls.
 27873 | Snake:1  | Entered Level 1 of the Snake Pit
 28040 | Snake:1  | Found Jeits's Antique Armour Emporium.
 28527 | Snake:1  | Received a gift from Okawaru
 28879 | Snake:1  | Reached XP level 16. HP: 79/110 MP: 22/22
 29176 | Snake:1  | Reached skill level 17 in Maces & Flails
 29962 | Snake:1  | Reached skill level 15 in Armour
 30524 | Snake:2  | Reached skill level 1 in Dodging
 30705 | Snake:2  | Found a shattered altar of Ashenzari.
 30755 | Snake:2  | Received a gift from Okawaru
 32412 | Snake:3  | Found a runed door.
 32420 | Snake:3  | Noticed a nagaraja
 32445 | Snake:3  | Killed a nagaraja
 32732 | Snake:3  | Noticed a nagaraja
 32749 | Snake:3  | Reached skill level 5 in Dodging
 32754 | Snake:3  | Killed a nagaraja
 33551 | Snake:3  | Noticed a nagaraja
 33568 | Snake:3  | Killed a nagaraja
 33568 | Snake:3  | Reached XP level 17. HP: 86/116 MP: 23/23
 33952 | Snake:2  | Received a gift from Okawaru
 33969 | Snake:2  | Got a pair of faintly glowing boots {god gift}
 33980 | Snake:2  | Identified the +2 pair of boots of Zetob {*Drain rElec rN+ rCorr} (Okawaru gifted it to you on level 2 of the Snake Pit)
 34815 | Snake:4  | Entered Level 4 of the Snake Pit
 35103 | Snake:4  | Found a sacrificial altar of Ru.
 35551 | Snake:4  | Reached skill level 18 in Maces & Flails
 37530 | Snake:4  | Received a gift from Okawaru
 37798 | Snake:4  | Reached XP level 18. HP: 124/124 MP: 24/24
 37827 | Snake:4  | Got a serpentine rune of Zot
 38023 | Shoals:1 | Entered Level 1 of the Shoals
 38877 | Shoals:1 | Received a gift from Okawaru
 39208 | Shoals:1 | Found a flickering gateway to a bazaar.
 40110 | Shoals:2 | Reached skill level 19 in Maces & Flails
 40807 | D:13     | Found a gate to the Vaults.
 41281 | D:13     | Found Ysaileak's Antique Armour Shop.
 42155 | D:14     | Noticed Sonja
 42163 | D:14     | Killed Sonja
 42231 | D:14     | Received a gift from Okawaru
 42234 | D:14     | Got a twisted dire flail {god gift}
 42235 | D:14     | Identified the +4 dire flail of Terra Cotta {crush, rC++} (Okawaru gifted it to you on level 14 of the Dungeon)
 43197 | D:15     | Entered Level 15 of the Dungeon
 43426 | D:15     | Reached XP level 19. HP: 121/132 MP: 22/25
 43758 | D:15     | Found a staircase to the Depths.
 44128 | Vaults:1 | Entered Level 1 of the Vaults
 44207 | Vaults:1 | Received a gift from Okawaru
 44469 | Vaults:1 | Reached skill level 20 in Maces & Flails
 44877 | Vaults:1 | Reached skill level 1 in Throwing
 45515 | Vaults:1 | Noticed a Tzitzimitl
 45540 | Vaults:1 | Noticed a Hell Sentinel
 45546 | Vaults:1 | HP: 5/132 [Hell Sentinel/damnation[an ironheart preserver] (30)]
 45984 | Vaults:1 | Received a gift from Okawaru
 46508 | Vaults:1 | Reached skill level 5 in Throwing
 46755 | Vaults:1 | Found a radiant altar of Vehumet.
 48063 | Vaults:2 | Reached XP level 20. HP: 139/139 MP: 23/26
 48375 | Vaults:2 | Noticed Frederick
 48402 | Vaults:2 | Killed Frederick
 48892 | Vaults:2 | Received a gift from Okawaru
 49344 | Vaults:2 | Found a staircase to the Crypt.
 50552 | Vaults:3 | Noticed Bai Suzhen
 50572 | Vaults:3 | Killed Bai Suzhen
 51054 | Vaults:3 | Reached skill level 10 in Throwing
 51286 | Vaults:3 | Noticed Xtahua
 51303 | Vaults:3 | Killed Xtahua
 51331 | Vaults:3 | Received a gift from Okawaru
 51562 | Vaults:3 | Received a gift from Okawaru
 52154 | Vaults:3 | Killed from afar by a wizard

Skill      XL: |  1  2  3  4  5  6  7  8  9 10 11 12 13 14 15 16 17 18 19 20 |
---------------+-------------------------------------------------------------+-----
Maces & Flails | 3 4 5 6 8 9 10 11 13 15 16 17 18 19 20 | 20.0
Fighting       | 4 5 6 8 10 12 13 14 15 16 17 18 19 | 19.6
Armour         | 4 5 6 7 9 11 12 13 14 15 16 17 | 17.1
Invocations    | 3 8 9 |  9.0
Shields        | 4 |  4.5
Dodging        | 5 9 |  9.1
Throwing       | 6 11 | 11.9

Action                   |  1- 3 |  4- 6 |  7- 9 | 10-12 | 13-15 | 16-18 | 19-21 || total
-------------------------+-------+-------+-------+-------+-------+-------+-------++-------
Melee: Flail             |   123 |   145 |   487 |   171 |       |       |       ||   926
       Double sword      |       |       |       |   196 |       |       |       ||   196
       Great mace        |       |       |       |   424 |  1102 |  1313 |       ||  2839
       Dire flail        |       |       |       |       |       |    95 |  1260 ||  1355
Invok: Heroism           |       |       |     7 |     9 |    25 |    28 |    34 ||   103
       Finesse           |       |       |       |       |       |     1 |       ||     1
 Abil: Fly               |       |       |       |       |     1 |       |       ||     1
  Use: Scroll            |     8 |       |     6 |     4 |     9 |     8 |    10 ||    45
       Potion            |       |     4 |       |     6 |     3 |     3 |     6 ||    22
 Stab: Distracted        |       |       |       |       |     1 |       |       ||     1
  Eat: Chunk             |     4 |     6 |    12 |    24 |    40 |    33 |    29 ||   148
       Royal jelly       |       |       |     1 |       |       |       |       ||     1
       Pizza             |       |       |       |     3 |     1 |       |       ||     4
       Fruit             |       |       |       |       |     4 |    14 |       ||    18
Armor: Scale mail        |    80 |    73 |    17 |       |       |       |       ||   170
       Skin              |       |     2 |       |       |       |       |       ||     2
       Chain mail        |       |       |   316 |   790 |   944 |  1117 |   338 ||  3505
       Plate armour      |       |       |       |       |    96 |       |   392 ||   488
Dodge: Dodged            |    44 |    42 |   112 |   399 |   496 |   842 |   587 ||  2522
Block: Shield            |    72 |    69 |   219 |   247 |       |       |       ||   607
       Other             |       |       |       |       |    73 |   165 |   138 ||   376
       Reflection        |       |       |       |       |     3 |    12 |    13 ||    28
       Rpst.: Double sword |       |       |       |    17 |       |       |       ||    17
